 Dungeon Crawl Stone Soup version 0.23.1 (webtiles) character file.

Game seed: 9108875380122115369

56 Borgoz the Sneak (level 3, -2/28 HPs)
             Began as a Ghoul Enchanter on Mar 14, 2019.
             Slain by a leopard gecko (3 damage)
             ... on level 2 of the Dungeon.
             The game lasted 00:03:25 (2169 turns).

Borgoz the Sneak (Ghoul Enchanter)                  Turns: 2169, Time: 00:03:26

Health: -2/28      AC:  2    Str:  9 (11) XL:     3   Next: 95%
Magic:  4/4        EV: 18    Int: 13 (15) God:
Gold:   68         SH:  0    Dex: 15      Spells: 4/5 levels left

rFire    . . .     SeeInvis .   a - +1 dagger
rCold    + . .     Gourm    .   (no shield)
rNeg     + + +     Faith    .   b - +0 robe
rPois    ∞         Spirit   .   (no helmet)
rElec    .         Reflect  .   (no cloak)
rCorr    .         Harm     .   (no gloves)
MR       .....                  (no boots)
Stlth    +++.......             (no amulet)
HPRegen  0.00/turn              (no ring)
MPRegen  0.09/turn              (no ring)

@: brilliant, agile, rotting
A: rotting body, claws 1, carnivore, cold resistance 1, negative energy
resistance 3, inhibited regeneration, torment resistance, unbreathing
a: no special abilities


You were on level 2 of the Dungeon.
You were not hungry.

You visited 1 branch of the dungeon, and saw 3 of its levels.

You collected 68 gold pieces.

Inventory:

Hand Weapons
 a - a +1 dagger (weapon)
Armour
 b - a +0 robe (worn)
Scrolls
 e - a scroll of fear {unknown}
 h - a scroll of identify {unknown}
 k - a scroll of teleportation {unknown}
Comestibles
 d - 3 rations


   Skills:
 + Level 1.4 Fighting
 * Level 2.1 Short Blades
 + Level 1.1 Armour
 + Level 2.2 Dodging
 - Level 3.2 Stealth
 - Level 1.7 Spellcasting
 - Level 2.4 Hexes


You had 4 spell levels left.
You knew the following spells:

 Your Spells              Type           Power        Failure   Level  Hunger
a - Corona                Hex            ###....      1%          1    ##.....

Your spell library contained the following spells:

 Spells                   Type           Power        Failure   Level  Hunger
 Ensorcelled Hibernation  Hex/Ice        ##....       3%          2    ###....
 Confuse                  Hex            ###.....     3%          3    ####...
 Tukima's Dance           Hex            ###.....     3%          3    ####...
 Dazzling Spray           Conj/Hex       ##....       5%          3    ####...


Dungeon Overview and Level Annotations

Branches:
Dungeon (3/15)

Altars:
Hepliaklqana


Innate Abilities, Weirdness & Mutations

Your body is rotting away.
You thrive on raw meat.
You are immune to poison.
You have sharp fingernails.
You are carnivorous and can eat meat at any time.
Your flesh is cold resistant. (rC+)
You are immune to negative energy. (rN+++)
You do not regenerate when monsters are visible.
You are immune to unholy pain and torment.
You can survive without breathing.


Message History

You don't know that spell.
You closely miss the hobgoblin.
The hobgoblin is severely wounded.
The leopard gecko closely misses you. The hobgoblin barely misses you.
The kobold misses you.
You hit the hobgoblin but do no damage.
The hobgoblin is severely wounded.
The leopard gecko bites you.
* * * LOW HITPOINT WARNING * * *
The hobgoblin completely misses you. The kobold barely misses you.
The leopard gecko bites you but does no damage.
The leopard gecko barely misses you.
There is a stone staircase leading up here.
The leopard gecko misses you. The hobgoblin completely misses you.
You climb upwards.
There is a stone staircase leading down here.
You closely miss the leopard gecko. The leopard gecko misses you.
The worm barely misses you.
You miss the leopard gecko. The leopard gecko bites you.
You die...

#.# #...... #. #.#
#.##### #. #.# #.# #.
#.# #.# #. #.# #.# #.
#.####.# #( #......#
#.####################
#....gl@w............###
####################....
#####


You could see a worm, a leopard gecko and a hobgoblin.

Vanquished Creatures
  An adder (D:2)
  2 dart slugs (D:2)
  A worm (D:2)
  A leopard gecko (D:2)
  2 giant cockroaches
  5 goblins
  4 hobgoblins (D:2)
  A quokka (D:2)
  3 ball pythons (D:2)
  5 bats
  4 frilled lizards
  4 kobolds (D:1)
  6 rats (D:1)
39 creatures vanquished.

Notes
Turn   | Place    | Note
-------+----------+-------------------------------------------
     0 | D:1      | Borgoz the Ghoul Enchanter began the quest for the Orb.
     0 | D:1      | Reached XP level 1. HP: 14/14 MP: 2/2
    14 | D:1      | Reached skill level 1 in Short Blades
   358 | D:1      | Reached XP level 2. HP: 22/22 MP: 3/3
   901 | D:2      | Reached skill level 1 in Fighting
   901 | D:2      | Reached XP level 3. HP: 9/28 MP: 4/4
  1179 | D:2      | Reached skill level 1 in Armour
  1342 | D:2      | Found a hazy altar of Hepliaklqana.
  1378 | D:2      | HP: 1/28 [worm (11)]
  1736 | D:2      | HP: 1/28 [worm (7)]
  2163 | D:3      | HP: 1/28 [leopard gecko (2)]
  2169 | D:2      | Slain by a leopard gecko

Skill      XL: |  1  2  3 |
---------------+----------+-----
Short Blades   | 1 2 |  2.1
Dodging        | 2 |  2.2
Fighting       | 1 |  1.4
Armour         | 1 |  1.1
Stealth        | |  3.2
Spellcasting   | |  1.7
Hexes          | |  2.4

Action                   || total
-------------------------++-------
Melee: Dagger            ||   202
 Cast: Corona            ||     1
  Use: Potion            ||     9
 Stab: Sleeping          ||    11
  Eat: Chunk             ||    20
Armor: Robe              ||    31
Dodge: Dodged            ||   139
